 Dungeon Sprint DCSS version 0.28-a0-1412-gf95308ed99 (webtiles) character file.

Game seed: 9213635726594113175

59403 mhtbhm the Slayer (level 14, -9/162 HPs)
             Began as a Minotaur Fighter on Jan 7, 2022.
             Was an Initiate of Gozag.
             Killed from afar by an ironbound frostheart (51 damage)
             ... by creeping frost
             ... while paralysed by a sphinx
             ... in the Dungeon (Sprint IX: "|||||||||||||||||||||||||||||").
             The game lasted 00:12:04 (5451 turns).

mhtbhm the Slayer (Minotaur Fighter)                Turns: 5451, Time: 00:12:05

Health: -9/162     AC: 26    Str: 38    XL:     14   Next: 53%
Magic:  4/4        EV:  2    Int:  2    God:    Gozag
Gold:   9335       SH:  0    Dex: 12    Spells: 13/13 levels left

rFire   + + +      SeeInvis +   a - +2 morningstar (protect)
rCold   x . .      Faith    .   c - +0 buckler
rNeg    . . .      Spirit   .   b - +1 fire dragon scales of Mumblety Peg {rF++ rC- rCorr MP-9 Str+8 SInv}
rPois   +          Reflect  .   (helmet restricted)
rElec   +          Harm     .   u - +2 cloak
rCorr   +          Rampage  .   s - +1 pair of gloves
Will    +....      NoTele   +   n - +1 pair of boots
Stlth   ..........              (no amulet)
HPRegen 0.37/turn               o - +3 ring of strength
MPRegen 0.09/turn               i - ring "Sysacucki" {rElec rPois rF+ Str+3 Int-3}

@: confused, paralysed, gold aura
A: horns 2, retaliatory headbutt
a: Renounce Religion, Potion Petition, Call Merchant, Bribe Branch


You were in the Dungeon.
You worshipped Gozag.
Gozag was greatly pleased with you.
You visited 1 branch You collected 16136 gold pieces.
You spent 3241 gold pieces at shops.
You paid 3560 gold pieces to Gozag.

Inventory:

Hand Weapons
 a - a +2 morningstar of protection (weapon)
Armour
 b - the +1 fire dragon scales of Mumblety Peg (worn) {rF++ rC- rCorr MP-9 Str+8 SInv}
   (You bought it in a shop in the Dungeon)

   Str:       It affects your strength (+8).
   rF:        It greatly protects you from fire.
   rC:        It makes you vulnerable to cold.
   MP:        It affects your magic capacity (-9).
   SInv:      It lets you see invisible.
   rCorr:     It protects you from acid and corrosion.
 c - a +0 buckler (worn)
 n - a +1 pair of boots (worn)
 s - a +1 pair of gloves (worn)
 t - a +0 pair of gloves of hurling
 u - a +2 cloak (worn)
Jewellery
 i - the ring "Sysacucki" (right hand) {rElec rPois rF+ Str+3 Int-3}
   (You found it in the Dungeon)

   [ring of poison resistance]

   Str:       It affects your strength (+3).
   Int:       It affects your intelligence (-3).
   rF:        It protects you from fire.
   rElec:     It insulates you from electricity.
   rPois:     It protects you from poison.
 o - a +3 ring of strength (left hand)
 w - a ring of see invisible
 x - a ring of positive energy
 y - a ring of fire
Scrolls
 j - a scroll of blinking
 l - 2 scrolls of amnesia
 p - a scroll of identify
 q - 3 scrolls of fog
 r - a scroll of fear
 B - 4 scrolls of enchant armour
 C - 4 scrolls of enchant weapon
Potions
 d - 4 potions of might
 e - a potion of curing
 f - 6 potions of heal wounds
 g - a potion of haste
 h - 4 potions of magic
 k - a potion of invisibility
 m - 7 potions of mutation
 A - a potion of berserk rage


   Skills:
 + Level 25.3 Fighting
 + Level 25.0 Maces & Flails
 + Level 21.6 Armour
 + Level 10.4 Dodging
 + Level 9.6 Stealth
 + Level 19.0 Shields
 + Level 8.6 Evocations


You had 13 spell levels left.
You didn't know any spells.
Your spell library was empty.

Dungeon Overview and Level Annotations

Branches:
Dungeon (1/1)

Altars:
Cheibriados
Dithmenos
Elyvilon
Fedhas
Gozag
Hepliaklqana
Kikubaaqudgha
Makhleb
Nemelex Xobeh
Okawaru
Qazlal
Ru
Sif Muna
Trog
Uskayaw
Vehumet
Wu Jian
Xom
Yredelemnul
Zin
The Shining One
Beogh
Jiyva
Lugonu

Shops:
D [!(([(


Innate Abilities, Weirdness & Mutations

You have a pair of horns on your head.
You reflexively headbutt those who attack you in melee.


Message History

Unknown command.
You barely miss the sphinx. You headbutt the sphinx.
The sphinx is moderately wounded.
The ice encasing you melts away.
The vault sentinel is distracted by your dazzling golden aura.
Unknown command.
The vault sentinel shouts!
You stick the sphinx like a pincushion!!!
The sphinx is almost dead.
The sphinx casts a spell.
You suddenly lose the ability to move!
The sphinx hits you but does no damage. x2; The sphinx barely misses you.
The ironbound frostheart calls freezing cold from the walls.
The frost grips you!!
You feel a painful chill!
You are encased in ice.
The sphinx mumbles some strange words.
You are confused.
The sphinx hits you but does no damage. x2; The sphinx hits you.
The vault warden activates a sealing rune.
A door slams shut!
You can move again.
You bump into the unnaturally hard rock wall.
The vault sentinel is no longer distracted by gold.
The sphinx casts a spell.
Something smites you!
* * * LOW HITPOINT WARNING * * *
The sphinx closely misses you.
The sphinx hits you but does no damage. x2
Unknown command.
You bump into the unnaturally hard rock wall.
The ice encasing you melts away.
The sphinx casts a spell.
You suddenly lose the ability to move!
The vault sentinel blows a loud note on a signal horn!
The sphinx hits you.
* * * LOW HITPOINT WARNING * * *
The sphinx hits you but does no damage. x2
The ironbound frostheart calls freezing cold from the walls.
The frost grips you!!!
You feel a painful chill!
You die...
Your body crumbles into a pile of gold.

.▓.▓.▓.▓.▓.▓'▓.▓$▓
.▓.▓)▓.▓.▓.▓)▓[▓$▓
.▓.▓)▓.▓.▓.▓.▓.▓.▓
.▓.▓)▓.▓)▓.▓.▓.▓.▓
'▓.▓)▓.▓.▓.▓)▓.▓p▓
.▓.▓'▓.▓.▓.▓)▓.▓p▓
.▓.▓)▓.▓.▓.▓.▓.▓p▓
.▓.▓.▓.▓.▓.▓)▓.▓H▓
.▓.▓.▓.▓.▓.▓)▓.▓@▓
.▓.▓.▓.▓.▓.▓.▓.▓+▓
.▓.▓)▓.▓.▓.▓)▓.▓.▓
.▓.▓)▓.▓.▓.▓.▓.▓.▓
.▓.▓)▓.▓.▓.▓.▓.▓.▓
.▓.▓)▓)▓.▓.▓.▓.▓.▓
'▓.▓)▓.▓[▓.▓.▓.▓.▓
.▓.▓[▓.▓[▓)▓.▓.▓.▓
.▓.▓)▓.▓[▓.▓.▓)▓.▓


You could see a sphinx, a vault warden, an ironbound frostheart and a vault
sentinel.

Vanquished Creatures
  2 liches (D)
  A sphinx (D)
  Donald (D)
  2 fire giants (D)
  An emperor scorpion (D)
  2 frost giants (D)
  A very ugly thing (D)
  2 stone giants (D)
  2 ironbound thunderhulks (D)
  An entropy weaver (D)
  A dire elephant (D)
  Azrael (D)
  A spark wasp (D)
  An ettin (D)
  4 fire dragons (D)
  A yaktaur captain (D)
  A naga warrior (D)
  3 boulder beetles (D)
  2 great orbs of eyes (D)
  2 rakshasas (D)
  An ironbound frostheart (D)
  A spriggan air mage (D)
  4 hydras (D)
  An anaconda (D)
  A death knight (D)
  A ghost crab (D)
  Erica (D)
  An alligator (D)
  2 tengu warriors (D)
  A satyr (D)
  2 two-headed ogres (D)
  A deep troll earth mage (D)
  8 orc high priests (D)
  A shock serpent (D)
  Nergalle (D)
  2 spriggans (D)
  A pharaoh ant (D)
  A goliath frog (D)
  2 sea snakes (D)
  An orb spider (D)
  2 naga ritualists (D)
  3 orc knights (D)
  2 wizards (D)
  A deep elf pyromancer (D)
  An ugly thing (D)
  A wolf spider (D)
  A manticore (D)
  A will-o-the-wisp (D)
  Maurice (D)
  A naga mage (D)
  3 black mambas (D)
  A vault sentinel (D)
  A merfolk siren (D)
  Joseph (D)
  2 cane toads (D)
  2 yaktaurs (D)
  A komodo dragon (D)
  A komodo dragon (shapeshifter) (D)
  A freezing wraith (D)
  Psyche (D)
  3 tengu conjurers (D)
  2 merfolk (D)
  A meliai (D)
  2 hornets (D)
  A wind drake (D)
  A troll (D)
  4 slime creatures (D)
  A wyvern (D)
  A culicivora (D)
  3 fire elementals (D)
  2 wraiths (D)
  2 basilisks (D)
  4 yaks (D)
  Eustachio (D)
  A redback (D)
  3 wargs (D)
  2 water moccasins (D)
  4 hell hounds (D)
  A naga (D)
  6 orc warriors (D)
  A boggart (D)
  2 wolves (D)
  A centaur (D)
  5 bullfrogs (D)
  A killer bee (D)
  8 orc priests (D)
  7 orc wizards (D)
  A hell rat (D)
  An adder (D)
  An ufetubus (D)
  A dart slug (D)
  8 orcs (D)
  A bat skeleton (D)
  An endoplasm (D)
  A hobgoblin (D)
  A ball python (D)
  A frilled lizard (D)
181 creatures vanquished.

Vanquished Creatures (others)
  A hydra (D)
  A bloated husk (D)
  A foxfire (D)
3 creatures vanquished.

Grand Total: 184 creatures vanquished

Notes
Turn   | Place    | Note
-------+----------+-------------------------------------------
     0 | D        | mhtbhm the Minotaur Fighter began the quest for the Orb.
     0 | D        | Reached XP level 1. HP: 19/19 MP: 0/0
    55 | D        | Reached XP level 2. HP: 28/28 MP: 1/1
    57 | D        | Reached skill level 5 in Fighting
    57 | D        | Reached skill level 5 in Armour
    58 | D        | Reached skill level 5 in Shields
    65 | D        | Found a snail-covered altar of Cheibriados.
    65 | D        | Found a shadowy altar of Dithmenos.
    65 | D        | Found a white marble altar of Elyvilon.
    65 | D        | Found a blossoming altar of Fedhas.
    65 | D        | Found an opulent altar of Gozag.
    66 | D        | Found a hazy altar of Hepliaklqana.
    67 | D        | Found a viscous altar of Jiyva.
    68 | D        | Found an ancient bone altar of Kikubaaqudgha.
    69 | D        | Found a corrupted altar of Lugonu.
    70 | D        | Found a burning altar of Makhleb.
    71 | D        | Found a sparkling altar of Nemelex Xobeh.
    72 | D        | Found an iron altar of Okawaru.
    73 | D        | Found a stormy altar of Qazlal.
    74 | D        | Found a sacrificial altar of Ru.
    77 | D        | Became a worshipper of Gozag Ym Sagoz the Greedy
    80 | D        | Found a shimmering blue altar of Sif Muna.
    81 | D        | Found a bloodstained altar of Trog.
    82 | D        | Found a hide-covered altar of Uskayaw.
    83 | D        | Found a radiant altar of Vehumet.
    84 | D        | Found an ornate altar of the Wu Jian Council.
    85 | D        | Found a shimmering altar of Xom.
    86 | D        | Found a basalt altar of Yredelemnul.
    87 | D        | Found a glowing silver altar of Zin.
    88 | D        | Found a glowing golden altar of the Shining One.
   134 | D        | Noticed a wraith
   134 | D        | Noticed a yak
   134 | D        | Noticed a centaur
   134 | D        | Noticed a killer bee
   134 | D        | Noticed a troll
   134 | D        | Noticed a yak
   140 | D        | Killed a yak
   141 | D        | Reached XP level 3. HP: 17/40 MP: 2/2
   141 | D        | Reached XP level 4. HP: 20/48 MP: 3/3
   141 | D        | Reached XP level 5. HP: 22/53 MP: 4/4
   143 | D        | Killed a centaur
   144 | D        | Reached skill level 1 in Dodging
   144 | D        | Reached XP level 6. HP: 53/62 MP: 5/5
   148 | D        | Killed a troll
   149 | D        | Reached skill level 10 in Armour
   149 | D        | Killed a yak
   150 | D        | Reached skill level 10 in Fighting
   150 | D        | Reached skill level 1 in Evocations
   150 | D        | Reached XP level 7. HP: 33/73 MP: 6/6
   152 | D        | Killed a wraith
   335 | D        | Noticed an eight-headed hydra
   335 | D        | Noticed a five-headed hydra
   335 | D        | Noticed a two-headed ogre
   335 | D        | Noticed a komodo dragon
   335 | D        | Noticed a two-headed ogre
   335 | D        | Noticed a wraith
   339 | D        | Killed a two-headed ogre
   339 | D        | Killed a komodo dragon
   340 | D        | Reached skill level 1 in Stealth
   340 | D        | Reached skill level 10 in Shields
   340 | D        | Reached XP level 8. HP: 84/84 MP: 7/7
   346 | D        | Killed a two-headed ogre
   347 | D        | Reached XP level 9. HP: 93/93 MP: 8/8
   350 | D        | Killed a five-headed hydra
   354 | D        | Killed an eight-headed hydra
   465 | D        | Got the ring "Sysacucki" {rElec rPois rF+ Str+3 Int-3}
   480 | D        | Noticed a cane toad
   480 | D        | Noticed a komodo dragon
   494 | D        | Killed a komodo dragon
   495 | D        | Reached XP level 10. HP: 51/104 MP: 9/9
   701 | D        | Killed a cane toad
   704 | D        | Reached skill level 15 in Maces & Flails
   708 | D        | Reached skill level 15 in Armour
   738 | D        | Noticed an eight-headed hydra
   741 | D        | Noticed a cane toad
   747 | D        | Killed an eight-headed hydra
   748 | D        | Reached skill level 15 in Fighting
   748 | D        | Noticed a black mamba
   763 | D        | Killed a cane toad
   772 | D        | Killed a black mamba
  1052 | D        | Noticed an orc knight
  1062 | D        | Killed an orc knight
  1063 | D        | Reached skill level 5 in Evocations
  1063 | D        | Reached XP level 11. HP: 86/114 MP: 10/10
  1198 | D        | Noticed an orc high priest
  1200 | D        | Noticed an orc knight
  1208 | D        | Reached skill level 5 in Dodging
  1213 | D        | Noticed an orc knight
  1230 | D        | Killed an orc high priest
  1233 | D        | Killed an orc knight
  1237 | D        | Killed an orc knight
  1459 | D        | Found Get Waik's Antique Weapon Boutique.
  1459 | D        | Noticed an orc high priest
  1459 | D        | Noticed an orc high priest
  1459 | D        | Noticed an orc high priest
  1459 | D        | Noticed an orc high priest
  1460 | D        | Noticed a sixfirhy
  1467 | D        | Killed an orc high priest
  1475 | D        | Killed an orc high priest
  1486 | D        | Noticed an orc high priest
  1488 | D        | Found Buqes's Weapon Shop.
  1491 | D        | Killed an orc high priest
  1493 | D        | Killed an orc high priest
  1500 | D        | Found Igoad's Distillery.
  1503 | D        | Killed an orc high priest
  1506 | D        | Noticed an orc high priest
  1519 | D        | Killed an orc high priest
  1531 | D        | Found Keeqiloo's Armour Shop.
  1536 | D        | Noticed an orc high priest
  1712 | D        | Killed an orc high priest
  1914 | D        | Bought 2 potions of haste for 220 gold pieces
  1914 | D        | Bought a potion of might for 44 gold pieces
  1914 | D        | Bought 2 potions of mutation for 176 gold pieces
  1914 | D        | Bought a potion of mutation for 88 gold pieces
  1914 | D        | Bought a potion of mutation for 88 gold pieces
  1914 | D        | Bought a potion of mutation for 88 gold pieces
  1956 | D        | Noticed Psyche
  1967 | D        | Killed Psyche
  1983 | D        | Noticed Maurice
  1990 | D        | Killed Maurice
  2021 | D        | Noticed Joseph
  2030 | D        | Killed Joseph
  2168 | D        | Noticed a brown ugly thing
  2168 | D        | Noticed a death knight
  2168 | D        | Noticed a boulder beetle
  2171 | D        | Noticed a deep elf pyromancer
  2173 | D        | Reached XP level 12. HP: 130/130 MP: 11/11
  2174 | D        | Noticed a rakshasa
  2178 | D        | Killed a death knight
  2184 | D        | Killed a boulder beetle
  2188 | D        | Noticed a fire dragon
  2189 | D        | Noticed a rakshasa
  2190 | D        | Killed a rakshasa
  2191 | D        | Noticed a fire dragon
  2193 | D        | Noticed a frost giant
  2194 | D        | Noticed a fire dragon
  2204 | D        | Killed a fire dragon
  2206 | D        | Killed a fire dragon
  2211 | D        | Killed a frost giant
  2212 | D        | Reached skill level 5 in Stealth
  2220 | D        | Killed a fire dragon
  2236 | D        | Killed a rakshasa
  2466 | D        | Noticed Donald
  2473 | D        | Killed Donald
  2490 | D        | Noticed Eustachio
  2513 | D        | Killed Eustachio
  2634 | D        | Noticed an eight-headed hydra
  2634 | D        | Noticed a ghost crab
  2634 | D        | Noticed a six-headed hydra
  2706 | D        | Killed a six-headed hydra
  2707 | D        | Noticed an alligator
  2709 | D        | Reached skill level 15 in Shields
  2714 | D        | Killed a ghost crab
  2726 | D        | Killed an eight-headed hydra
  2743 | D        | Killed an alligator
  2752 | D        | Reached XP level 13. HP: 69/143 MP: 12/12
  2976 | D        | Noticed an entropy weaver
  2979 | D        | Noticed an emperor scorpion
  3286 | D        | Killed an entropy weaver
  3490 | D        | Killed an emperor scorpion
  4060 | D        | Noticed Nergalle
  4070 | D        | Killed Nergalle
  4075 | D        | Noticed Erica
  4097 | D        | Killed Erica
  4146 | D        | Noticed Azrael
  4163 | D        | Killed Azrael
  4346 | D        | Noticed a fire dragon
  4347 | D        | Noticed a lich
  4369 | D        | Killed a lich
  4370 | D        | Noticed a stone giant
  4379 | D        | Noticed a fire giant
  4381 | D        | Killed a fire dragon
  4382 | D        | Noticed a brown very ugly thing
  4393 | D        | Noticed a frost giant
  4400 | D        | Noticed a stone giant
  4409 | D        | Killed a stone giant
  4413 | D        | Killed a fire giant
  4414 | D        | Reached XP level 14. HP: 88/158 MP: 13/13
  4421 | D        | Killed a brown very ugly thing
  4425 | D        | Killed a frost giant
  4431 | D        | Killed a stone giant
  4455 | D        | Noticed a lich
  4456 | D        | Noticed a fire giant
  4773 | D        | Bought a pair of embroidered gloves for 262 gold pieces
  4781 | D        | Bought encrusted fire dragon scales for 2275 gold pieces
  4781 | D        | Identified the +1 fire dragon scales of Mumblety Peg {rF++
                  | rC- rCorr MP-9 Str+8 SInv} (You bought it in a shop in the
                  | Dungeon)
  4955 | D        | Killed a lich
  5044 | D        | Killed a fire giant
  5092 | D        | Noticed a sphinx
  5093 | D        | Noticed an ironbound thunderhulk
  5094 | D        | Noticed a sphinx
  5097 | D        | Reached skill level 10 in Dodging
  5097 | D        | Noticed an ironbound thunderhulk
  5103 | D        | Noticed a vault warden
  5107 | D        | Paralysed by a great orb of eyes for 2 turns
  5111 | D        | Noticed a vault warden
  5121 | D        | Killed an ironbound thunderhulk
  5125 | D        | Killed an ironbound thunderhulk
  5435 | D        | Paralysed by a sphinx for 3 turns
  5440 | D        | Killed a sphinx
  5444 | D        | Paralysed by a sphinx for 3 turns
  5449 | D        | Paralysed by a sphinx for 3 turns
  5451 | D        | Killed from afar by an ironbound frostheart

Illustrated notes

Levels and vault maps discovered:
D:        linesprint [early_d, line_temple, items_1, d_10, items_2, lair_1,
          lair_end, items_3, orc_1, orc_end, items_4, d_15, swamp_1, shoals_1,
          snake_1, spider_1, d_20, vaults_1, items_5, swamp_end, shoals_end,
          snake_end, spider_end, vaults_end, d_27, items_6, zot_1, zot_end,
          crypt_end, forest_end, elf_end, slime_end, tomb_end, abyss_end,
          pan_hell_end]

Skill      XL: |  1  2  3  4  5  6  7  8  9 10 11 12 13 14 |
---------------+-------------------------------------------+-----
Fighting       | 4 7 8 10 12 13 14 16 19 21 23 25 | 25.3
Armour         | 4 7 8 10 12 13 14 15 17 18 20 21 | 21.6
Shields        | 4 6 8 9 10 11 12 14 15 17 19 | 19.0
Maces & Flails | 6 7 9 11 12 14 17 19 21 23 25 | 25.0
Dodging        | 1 2 3 4 5 7 9 10 | 10.4
Evocations     | 1 2 3 4 5 6 7 8 |  8.6
Stealth        | 1 2 3 7 8 9 |  9.6

Action                   |  1- 3 |  4- 6 |  7- 9 | 10-12 | 13-15 || total
-------------------------+-------+-------+-------+-------+-------++-------
Melee: Flail             |    12 |       |       |       |       ||    12
       Headbutt          |     4 |     1 |     7 |    75 |    82 ||   169
       Morningstar       |     6 |     5 |    29 |   332 |   323 ||   695
Invok: Potion Petition   |       |       |       |     2 |     2 ||     4
       Call Merchant     |       |       |       |       |     2 ||     2
Evoke: Wand              |       |     3 |     4 |     9 |    12 ||    28
  Use: Potion            |       |     1 |     1 |     4 |     9 ||    15
       Scroll            |       |       |       |       |     3 ||     3
 Stab: Distracted        |       |       |     1 |     2 |     6 ||     9
       Invisible         |       |       |       |     9 |       ||     9
Armor: Scale mail        |     3 |       |       |       |       ||     3
       Chain mail        |     2 |     8 |    14 |   145 |   115 ||   284
       Fire dragon scale |       |       |       |       |    34 ||    34
Dodge: Dodged            |    12 |     5 |     9 |    76 |   118 ||   220
Block: Buckler           |       |     2 |    11 |    68 |    80 ||   161

Table legend: (Time is in decaauts)
 A = Elapsed time spent in this place.
 B = Non-inter-level travel time spent in this place.
 C = Inter-level travel time spent in this place.
 D = Time resting spent in this place.
 E = Time spent auto-exploring this place.
 F = Levels seen in this place.
 G = Mean time per level.
                   A        B        C        D        E       F      G
               +--------+--------+--------+--------+--------+-----+--------+
         Total |   5263 |   5263 |      0 |   2801 |    365 |   1 | 5263.0 |
       Dungeon |   5263 |   5263 |      0 |   2801 |    365 |   1 | 5263.0 |
               +--------+--------+--------+--------+--------+-----+--------+

Top non-repeatable levels by time:
       D: 5263 daAuts
